 Dungeon Sprint DCSS version 0.31-a0-774-g0d66cbabe8 (webtiles) character file.

Game seed: 14231766653303494558

9102 Conn the Eclecticist (level 11, -4/66 HPs)
             Began as an Octopode Fire Elementalist on Sept 17, 2023.
             Was the Champion of Sif Muna.
             Slain by a demonic crawler (14 damage)
             ... in the Dungeon (Sprint I: "Red Sonja").
             The game lasted 00:21:08 (2110 turns).

Conn the Eclecticist (Octopode Fire Elementalist)   Turns: 2110, Time: 00:21:09

Health: -4/66      AC:  3    Str:  8    XL:     11   Next: 41%
Magic:  14/30      EV: 14    Int: 22    God:    Sif Muna [******]
Gold:   1066       SH:  0    Dex: 10    Spells: 3/41 levels left

rFire   + . .        j - +1 falchion (protect)
rCold   + . .        (no shield)
rNeg    . . .        (helmet restricted)
rPois   .            (no amulet)
rElec   .            n - ring of protection from cold
rCorr   .            (no ring)
SInv    .            (no ring)
Will    +....        (no ring)
Stlth   ++++         (no ring)
HPRegen 0.31/turn    (no ring)
MPRegen 0.22/turn    (no ring)
                     (no ring)

%: no teleportation, clarity
@: very slightly contaminated
A: almost no armour, amphibious, 8 rings, camouflage 1, gelatinous body 1,
(nimble swimmer 1), tentacles, iridescent scales 1, clarity, clumsy 1, fire
resistance 1, strong-willed 1, screaming 1, evolution 1
a: Renounce Religion, Channel Magic, Forget Spell, Divine Exegesis


You were in the Dungeon.
You worshipped Sif Muna.
Sif Muna was exalted by your worship.
You visited 1 branch You collected 1794 gold pieces.
You spent 728 gold pieces at shops.

Inventory:

Hand Weapons
 d - a +0 short sword of draining
 j - a +1 falchion of protection (weapon)
Missiles
 g - 2 curare-tipped darts (quivered)
Jewellery
 n - a ring of protection from cold (left tentacle)
Wands
 e - a wand of flame (17)
 i - a wand of polymorph (9)
Scrolls
 f - a scroll of blinking
 h - a scroll of revelation {unknown}
 k - 2 scrolls of poison {unknown}
 l - a scroll of immolation {unknown}
Potions
 a - 2 potions of magic
 b - 3 potions of curing
 c - a potion of heal wounds
 m - a potion of lignification


   Skills:
 + Level 2.9 Fighting
 + Level 1.8 Throwing
 + Level 5.3 Dodging
 - Level 5.0 Stealth
 - Level 0.4 Unarmed Combat
 + Level 15.9 Spellcasting
 * Level 11.4 Conjurations
 - Level 3.0 Hexes
 + Level 15.0 Fire Magic
 * Level 0.5 Air Magic
 + Level 0.2 Poison Magic
 * Level 9.3 Invocations


You had 3 spell levels left.
You knew the following spells:

 Your Spells              Type           Power      Damage    Failure   Level
a - Foxfire               Conj/Fire      100%       2x1d9     0%          1
b - Scorch                Fire           100%       2d9       0%          2
c - Inner Flame           Hex/Fire       55%        N/A       1%          3
d - Flame Wave            Conj/Fire      66%        2d15      1%          4
e - Mephitic Cloud        Conj/Pois/Air  35%        N/A       1%          3
f - Blink                 Tloc           34%        N/A       4%          2
g - Freezing Cloud        Conj/Ice/Air   17%        6-21      19%         5
h - Iskenderun's Mystic   Conj/Tloc      42%        2d10      3%          4
i - Hailstorm             Conj/Ice       42%        3d10      1%          3
j - Plasma Beam           Fire/Air       25%        2x1d38    21%         6
k - Irradiate             Conj/Tmut      21%        3d18      9%          5

Your spell library contained the following spells:

 Spells                   Type           Power      Damage    Failure   Level
 Kiss of Death            Conj/Necr      100%       2d13      1%          1
 Static Discharge         Conj/Air       86%        2-6/arc   1%          2
 Volatile Blastmotes      Fire/Tloc      100%       2d18      1%          3
 Passwall                 Tmut/Erth      14%        N/A       4%          2
 Poisonous Vapours        Pois/Air       38%        N/A       4%          2
 Fulminant Prism          Conj/Hex       24%        3d12      1%          4
 Manifold Assault         Tloc           17%        N/A       32%         4
 Petrify                  Tmut/Erth      17%        N/A       32%         4
 Conjure Ball Lightning   Conj/Air       21%        3x3d6     41%         6
 Borgnjor's Vile Clutch   Necr/Erth      8%         N/A       67%         5
 Spellforged Servitor     Conj/Summ      21%        N/A       95%         7
 Eringya's Noxious Bog    Tmut/Pois      8%         4d6       99%         6
 Lehudib's Crystal Spear  Conj/Erth      21%        10d6      100%        8
 Chain Lightning          Conj/Air       21%        3d28      100%        9


Dungeon Overview and Level Annotations

Branches:
Dungeon (1/1)

Altars:
Cheibriados
Dithmenos
Elyvilon
Fedhas
Gozag
Hepliaklqana
Kikubaaqudgha
Makhleb
Nemelex Xobeh
Okawaru
Qazlal
Ru
Sif Muna
Trog
Uskayaw
Vehumet
Wu Jian
Xom
Yredelemnul
Zin
The Shining One
Jiyva
Lugonu

Shops:
D :![[=*!*!*([*[[!?(![=


Innate Abilities, Weirdness & Mutations

You cannot wear most types of armour.
You are amphibious.
You can wear up to eight rings at the same time.
Your skin changes colour to match your surroundings (Stealth+).
Your rubbery body absorbs attacks. (AC +1, EV +1)
((You are camouflaged when in or above water. (Stealth+)))
You have tentacles for arms and can constrict up to eight enemies at once.
You are partially covered in iridescent scales. (AC +2)
You possess an exceptional clarity of mind.
You are clumsy. (Dex -2)
Your flesh is heat resistant. (rF+)
You are strong-willed. (Will+)
You occasionally shout uncontrollably at your foes.
You have hidden genetic potential.


Message History

Confirm with . or Enter, or press ? or * to list all spells.
You conjure some foxfire!
Unknown command.
You open the door.
The foxfire hits the demonic crawler.
The demonic crawler is lightly wounded.
The foxfire hits the demonic crawler.
The demonic crawler is lightly wounded.
Unknown command.
Casting: Foxfire (safe; 0% risk of failure)
Confirm with . or Enter, or press ? or * to list all spells.
You erupt in a blast of force!
The mystic blast hits the demonic crawler!
The demonic crawler is moderately wounded.
The demonic crawler misses you. The demonic crawler barely misses you.
The demonic crawler hits you!!
Casting: Iskenderun's Mystic Blast (dangerous; 3% risk of failure)
Confirm with . or Enter, or press ? or * to list all spells.
You erupt in a blast of force!
The mystic blast hits the demonic crawler.
The demonic crawler is moderately wounded.
The demonic crawler hits you. The demonic crawler hits you!
The demonic crawler barely misses you.
The demonic crawler completely misses you.
The demonic crawler barely misses you. The demonic crawler closely misses you.
Casting: Iskenderun's Mystic Blast (dangerous; 3% risk of failure)
Confirm with . or Enter, or press ? or * to list all spells.
You erupt in a blast of force!
The mystic blast hits the demonic crawler.
The demonic crawler is lightly wounded.
The demonic crawler closely misses you. x2
The demonic crawler completely misses you.
Casting: Iskenderun's Mystic Blast (dangerous; 3% risk of failure)
Confirm with . or Enter, or press ? or * to list all spells.
You miscast Iskenderun's Mystic Blast.
You are very lightly contaminated with residual magic.
Nothing appears to happen.
The demonic crawler hits you. The demonic crawler hits you!
* * * LOW HITPOINT WARNING * * *
The demonic crawler hits you!
You die...

##########################
#<.#..)..#..'..#__#..).§.#
#..').#..)..#..'..)..#
#.[#####'#####+#__####
#..####..#...#.####§§####
#..#__####..##)#§§~.§#..#
#..#_____##s#§§§~§§§.§..#
#⌠⌠#_.∩...'@..§#~§§.§#..#
####_..__##_)#'##+#####'###
#_____###'#.#.)..###.'.#
############.####'###.###.#
#∩........'.[.'.....'.∩##.#
###''''####...###########§#
#.......####.###......§##§#
#........#.#'#.#...§..§§.§#
#..#.....#.....#...######.#


You could see a demonic crawler.

Vanquished Creatures
  2 centaur warriors (D)
  Sonja (D)
  A deep troll (D)
  An oklob plant (D)
  8 shining eyes (D)
  2 unseen horrors (D)
  2 kobold demonologists (D)
  A hornet (D)
  Sigmund (D)
  A slime creature (D)
  A yak (D)
  2 redbacks (D)
  6 floating eyes (D)
  An ogre (D)
  7 necrophages (D)
  8 jellies (D)
  Ijyb (D)
  A ballistomycete spore (D)
47 creatures vanquished.

Vanquished Creatures (others)
  A ballistomycete spore (D)
  85 foxfires (D)
86 creatures vanquished.

Grand Total: 133 creatures vanquished

Notes
Turn   | Place    | Note
-------+----------+-------------------------------------------
     0 | D        | Conn the Octopode Fire Elementalist began the quest for the
                  | Orb.
     0 | D        | Reached XP level 1. HP: 11/11 MP: 3/3
    28 | D        | Noticed Ijyb
    33 | D        | Killed Ijyb
    34 | D        | Reached XP level 2. HP: 5/17 MP: 0/6
    90 | D        | Learned a level 2 spell: Scorch
   102 | D        | Noticed an ogre
   106 | D        | Killed an ogre
   107 | D        | Reached skill level 5 in Spellcasting
   107 | D        | Reached XP level 3. HP: 21/21 MP: 1/9
   107 | D        | Reached XP level 4. HP: 27/27 MP: 1/11
   113 | D        | Learned a level 3 spell: Inner Flame
   118 | D        | Learned a level 4 spell: Flame Wave
   190 | D        | Noticed Sigmund
   194 | D        | Killed Sigmund
   195 | D        | Reached XP level 5. HP: 26/31 MP: 6/14
   195 | D        | Reached XP level 6. HP: 30/36 MP: 6/16
   270 | D        | Found an ornate altar of the Wu Jian Council.
   270 | D        | Found a shimmering blue altar of Sif Muna.
   272 | D        | Found a radiant altar of Vehumet.
   277 | D        | Became a worshipper of Sif Muna the Loreminder
   303 | D        | Found Ofusih's Armour Emporium.
   303 | D        | Found an ancient bone altar of Kikubaaqudgha.
   303 | D        | Found a hazy altar of Hepliaklqana.
   303 | D        | Found a stormy altar of Qazlal.
   303 | D        | Found a hide-covered altar of Uskayaw.
   303 | D        | Found a blossoming altar of Fedhas.
   303 | D        | Found a bloodstained altar of Trog.
   303 | D        | Found an iron altar of Okawaru.
   303 | D        | Found a basalt altar of Yredelemnul.
   303 | D        | Found a glowing golden altar of the Shining One.
   303 | D        | Found a snail-covered altar of Cheibriados.
   303 | D        | Found a sacrificial altar of Ru.
   303 | D        | Found a glowing silver altar of Zin.
   303 | D        | Found a shadowy altar of Dithmenos.
   303 | D        | Found a white marble altar of Elyvilon.
   303 | D        | Noticed a yak
   310 | D        | Killed a yak
   311 | D        | Reached skill level 5 in Stealth
   311 | D        | Reached skill level 5 in Conjurations
   311 | D        | Reached XP level 7. HP: 39/41 MP: 8/18
   313 | D        | Found an opulent altar of Gozag.
   314 | D        | Found a sparkling altar of Nemelex Xobeh.
   375 | D        | Found a burning altar of Makhleb.
   375 | D        | Found a viscous altar of Jiyva.
   375 | D        | Found a shimmering altar of Xom.
   375 | D        | Found a corrupted altar of Lugonu.
   375 | D        | Noticed a slime creature
   388 | D        | Killed a slime creature
   388 | D        | Reached * piety under Sif Muna
   477 | D        | Noticed a kobold demonologist
   484 | D        | Paralysed by a floating eye for 4 turns
   484 | D        | Noticed a kobold demonologist
   489 | D        | Killed a kobold demonologist
   490 | D        | Reached skill level 10 in Spellcasting
   490 | D        | Reached skill level 10 in Fire Magic
   490 | D        | Reached XP level 8. HP: 21/46 MP: 15/22
   491 | D        | Noticed a demonic crawler
   493 | D        | Noticed a demonic crawler
   500 | D        | Noticed a demonic crawler
   501 | D        | Killed a kobold demonologist
   501 | D        | Reached ** piety under Sif Muna
   502 | D        | Noticed a demonic crawler
   658 | D        | Gained mutation: You are partially covered in iridescent
                  | scales. (AC +2) [potion of mutation]
   658 | D        | Gained mutation: You have hidden genetic potential. [potion
                  | of mutation]
   692 | D        | Noticed Sonja
   695 | D        | Killed Sonja
   696 | D        | Reached skill level 1 in Fighting
   696 | D        | Reached XP level 9. HP: 53/53 MP: 18/25
   744 | D        | Found Ickual's Book Boutique.
   752 | D        | Bought an Inescapable Atlas for 160 gold pieces
   752 | D        | Bought a book of Vapours for 260 gold pieces
   756 | D        | Learned a level 3 spell: Mephitic Cloud
   759 | D        | Learned a level 2 spell: Blink
   765 | D        | Learned a level 5 spell: Freezing Cloud
   773 | D        | Noticed a shining eye
   773 | D        | Noticed a shining eye
   773 | D        | Noticed a shining eye
   783 | D        | Paralysed by a floating eye for 3 turns
   787 | D        | Paralysed by a floating eye for 3 turns
   791 | D        | Noticed a shining eye
   794 | D        | Paralysed by a floating eye for 4 turns
   801 | D        | Paralysed by a floating eye for 4 turns
   807 | D        | Paralysed by a floating eye for 2 turns
   811 | D        | Paralysed by a floating eye for 2 turns
   812 | D        | Killed a shining eye
   813 | D        | Killed a shining eye
   813 | D        | Reached *** piety under Sif Muna
   816 | D        | Paralysed by a floating eye for 4 turns
   817 | D        | Noticed a shining eye
   820 | D        | Gained mutation: You have great hidden genetic potential.
                  | [hidden potential]
   821 | D        | Noticed a shining eye
   824 | D        | Paralysed by a floating eye for 4 turns
   829 | D        | Paralysed by a floating eye for 4 turns
   831 | D        | Killed a shining eye
   832 | D        | Killed a shining eye
   832 | D        | Reached **** piety under Sif Muna
   833 | D        | Reached skill level 5 in Invocations
   833 | D        | Reached XP level 10. HP: 60/60 MP: 6/27
   953 | D        | Noticed a shining eye
   954 | D        | Gained mutation: Your flesh is heat resistant. (rF+) [a
                  | shining eye]
   962 | D        | Noticed a deep troll
   973 | D        | Killed a deep troll
   987 | D        | Found Lecefaokk's Armour Emporium.
  1044 | D        | Noticed a centaur warrior
  1056 | D        | Killed a centaur warrior
  1056 | D        | Noticed a centaur warrior
  1057 | D        | Reached skill level 10 in Conjurations
  1066 | D        | Killed a centaur warrior
  1067 | D        | Reached skill level 1 in Throwing
  1074 | D        | Gained mutation: You are strong-willed. (Will+) [hidden
                  | potential]
  1074 | D        | Lost mutation: You have great hidden genetic potential.
                  | [hidden potential expressed]
  1233 | D        | Noticed an oklob plant
  1238 | D        | Killed an oklob plant
  1239 | D        | Reached skill level 5 in Dodging
  1292 | D        | Reached ***** piety under Sif Muna
  1365 | D        | Paralysed by a floating eye for 3 turns
  1371 | D        | Paralysed by a floating eye for 4 turns
  1377 | D        | Paralysed by a floating eye for 3 turns
  1387 | D        | Paralysed by a floating eye for 2 turns
  1395 | D        | Paralysed by a floating eye for 3 turns
  1433 | D        | Reached skill level 15 in Spellcasting
  1435 | D        | Received a gift from Sif Muna
  1438 | D        | Reached XP level 11. HP: 65/65 MP: 16/30
  1438 | D        | Got parchment book {god gift}
  1635 | D        | Found Imoifolo's General Store.
  1636 | D        | Found Larelep's Distillery.
  1636 | D        | Found Horo's Distillery.
  1645 | D        | Received a gift from Sif Muna
  1650 | D        | Found Imotaumm's Weapon Boutique.
  1650 | D        | Found Fizepnagh's Distillery.
  1652 | D        | Got moth-eaten book {god gift}
  1655 | D        | Found Sous's Jewellery Emporium.
  1768 | D        | Found Fael's General Store.
  1768 | D        | Found Dili Wym's Antique Weapon Shop.
  1768 | D        | Found Muesa's Armour Shoppe.
  1768 | D        | Found Pakydipn's General Store.
  1768 | D        | Found Zoni's Armour Emporium.
  1768 | D        | Found Zynkanask's Armour Shop.
  1768 | D        | Found Loca's Distillery.
  1785 | D        | Found Irphiog's Magic Scroll Boutique.
  1810 | D        | Bought a potion of lignification for 33 gold pieces
  1865 | D        | Paralysed by a floating eye for 2 turns
  1871 | D        | Paralysed by a floating eye for 2 turns
  1874 | D        | Killed a shining eye
  1874 | D        | Killed a shining eye
  1876 | D        | Noticed a shining eye
  1877 | D        | Gained mutation: You are clumsy. (Dex -2) [a shining eye]
  1944 | D        | Gained mutation: You occasionally shout uncontrollably at
                  | your foes. [a shining eye]
  1948 | D        | Killed a shining eye
  1967 | D        | Gained mutation: You possess an exceptional clarity of
                  | mind. [hidden potential]
  2011 | D        | Killed a shining eye
  2011 | D        | Received a gift from Sif Muna
  2011 | D        | Reached ****** piety under Sif Muna
  2012 | D        | Reached skill level 15 in Fire Magic
  2012 | D        | Got clothbound book {god gift}
  2019 | D        | Learned a level 4 spell: Iskenderun's Mystic Blast
  2023 | D        | Learned a level 3 spell: Hailstorm
  2030 | D        | Learned a level 6 spell: Plasma Beam
  2049 | D        | Found Xoemanang's Distillery.
  2049 | D        | Found Puibong's Jewellery Shop.
  2049 | D        | Found Jowkopla's Antique Armour Emporium.
  2049 | D        | Found Uganes's General Store.
  2065 | D        | Bought a ring of protection from cold for 275 gold pieces
  2075 | D        | Learned a level 5 spell: Irradiate
  2110 | D        | Slain by a demonic crawler

Illustrated notes

Levels and vault maps discovered:
D:        dungeon_sprint_1 [red_sonja_temple_1, red_sonja_temple_small_1]

Skill      XL: |  1  2  3  4  5  6  7  8  9 10 11 |
---------------+----------------------------------+-----
Stealth        | 3 4 5 |  5.0
Spellcasting   | 3 5 7 8 10 12 13 15 | 15.9
Conjurations   | 2 3 4 5 6 7 9 10 11 | 11.4
Fire Magic     | 4 6 8 9 10 11 12 14 15 | 15.0
Dodging        | 3 4 5 |  5.3
Fighting       | 1 2 |  2.9
Hexes          | 3 |  3.0
Invocations    | 5 8 9 |  9.3
Throwing       | 1 |  1.8
Unarmed Combat | |  0.4
Air Magic      | |  0.5
Poison Magic   | |  0.2

Action                     |  1- 3 |  4- 6 |  7- 9 | 10-12 || total
---------------------------+-------+-------+-------+-------++-------
  Melee: Unarmed           |     3 |       |       |       ||     3
         Constrict         |     1 |       |     1 |     1 ||     3
         Tentacles         |     1 |       |       |     1 ||     2
         Short sword       |       |       |     1 |       ||     1
         Falchion          |       |       |       |     2 ||     2
         Punch             |       |       |       |     1 ||     1
  Throw: Dart              |       |       |       |     4 ||     4
   Cast: Foxfire           |     4 |     3 |    11 |    34 ||    52
         Scorch            |     2 |     7 |    12 |    36 ||    57
         Inner Flame       |       |       |    17 |     8 ||    25
         Flame Wave        |       |       |     3 |     9 ||    12
         Mephitic Cloud    |       |       |       |     2 ||     2
         Iskenderun's Myst |       |       |       |     3 ||     3
 Invoke: Channel Magic     |       |       |     1 |       ||     1
    Use: Potion            |     1 |       |     4 |       ||     5
 Armour: Skin              |     2 |     2 |    13 |    25 ||    42
  Dodge: Dodged            |       |     1 |    12 |    19 ||    32

Table legend: (Time is in decaauts)
 A = Elapsed time spent in this place.
 B = Non-inter-level travel time spent in this place.
 C = Inter-level travel time spent in this place.
 D = Time resting spent in this place.
 E = Time spent auto-exploring this place.
 F = Levels seen in this place.
 G = Mean time per level.
                   A        B        C        D        E       F      G
               +--------+--------+--------+--------+--------+-----+--------+
         Total |   2096 |   2096 |      0 |   1153 |      0 |   1 | 2096.0 |
       Dungeon |   2096 |   2096 |      0 |   1153 |      0 |   1 | 2096.0 |
               +--------+--------+--------+--------+--------+-----+--------+

Top non-repeatable levels by time:
       D: 2096 daAuts
